 Dungeon Crawl Stone Soup version 0.24.0-1-gfbc8707122 (webtiles) character file.

Game seed: 7717446999568838538, levelgen mode: deterministic

660 Mrkan the Ruffian (level 7, -2/57 HPs)
             Began as a Purple Draconian Transmuter on Oct 27, 2019.
             Was a Believer of Ru.
             Slain by Pikel
             ... wielding a +1 whip of freezing
              (8 damage)
             ... on level 5 of the Dungeon.
             The game lasted 00:11:31 (5099 turns).

Mrkan the Ruffian (Purple Draconian Transmuter)     Turns: 5099, Time: 00:11:32

Health: -2/57      AC:  7    Str: 10 (12) XL:     7   Next: 30%
Magic:  10/10      EV: 12    Int: 13 (16) God:    Ru [**....]
Gold:   315        SH:  0    Dex:  8 (11) Spells: 7/10 levels left

rFire    . . .     SeeInvis .     - Unarmed
rCold    . . .     Gourm    .   (no shield)
rNeg     . . .     Faith    .   (armour unavailable)
rPois    .         Spirit   .   (helmet restricted)
rElec    .         Reflect  .   h - +0 cloak
rCorr    .         Harm     .   (no gloves)
MR       +....                  (no boots)
Stlth    ++........             (no amulet)
HPRegen  0.19/turn              b - ring of stealth
MPRegen  0.12/turn              (no ring)

@: short of breath, appendage (expiring), very slightly contaminated, slowed,
invisible, very slow
A: breathe power, unfitting armour, horns 2, cold-blooded, unskilled 1, AC +6
a: Breathe Dispelling Energy, End Transformation, Renounce Religion


You were on level 5 of the Dungeon.
You worshipped Ru.
Ru was pleased with you.
You were hungry.
You had grown temporary horns.
You visited 1 branch of the dungeon, and saw 5 of its levels.

You collected 315 gold pieces.

Inventory:

Missiles
 a - 3 arrows
Armour
 h - a +0 cloak (worn)
Jewellery
 b - a ring of stealth (left hand)
Scrolls
 d - 3 scrolls of random uselessness {unknown}
 g - 2 scrolls of amnesia {unknown}
 i - a scroll of fear {unknown}
 l - 2 scrolls of enchant weapon {unknown}
 m - a scroll of noise {unknown}
Potions
 j - 2 potions of flight
Comestibles
 c - 10 rations


   Skills:
 + Level 3.4 Fighting
 + Level 3.3 Dodging
 * Level 5.2 Unarmed Combat
 - Level 2.4 Spellcasting
 + Level 3.6 Transmutations


You had 7 spell levels left.
You knew the following spells:

 Your Spells              Type           Power        Failure   Level  Hunger
a - Beastly Appendage     Tmut           ##....       5%          1    #......
b - Sticks to Snakes      Tmut           ##......     9%          2    ###....

Your spell library contained the following spells:

 Spells                   Type           Power        Failure   Level  Hunger
 Spider Form              Tmut/Pois      #.........   34%         3    ###....
 Ice Form                 Ice/Tmut       #.......     75%         4    #####..
 Blade Hands              Tmut           ##........   83%         5    ######.


Dungeon Overview and Level Annotations

Branches:
Dungeon (5/15)
 Temple: D:4-7

Altars:
Elyvilon
Fedhas
Makhleb
Ru
Vehumet
Zin

Shops:
D:4 (

Annotations:
D:3 4 transporters, Mrkan's ghost, amateur DrFi
D:5 Pikel


Innate Abilities, Weirdness & Mutations

You can breathe bolts of dispelling energy.
Your rich purple scales are hard. (AC +6)
You cannot fit into any form of body armour.
You are cold-blooded and may be slowed by cold attacks.
You are somewhat unskilled. (-1 Apt)
You have a pair of horns on your head.


Message History

Your transformation is almost over.
Pikel hits you but does no damage.
It was a potion of degeneration.
There was something very wrong with that liquid.
You feel weakened.
You feel dopey.
You feel clumsy.
You feel yourself speed up. Pikel barely misses you.
Pikel hits you with a +1 whip of freezing.
* * * LOW HITPOINT WARNING * * *
You feel yourself slow down. Pikel freezes you.
* * * LOW HITPOINT WARNING * * *
You focus your will and illuminate Pikel in retribution!
It was a potion of magic.
Magic courses through your body.
Pikel hits you with a +1 whip of freezing.
* * * LOW HITPOINT WARNING * * *
You feel as though you will be slow longer.
Pikel freezes you.
* * * LOW HITPOINT WARNING * * *
Pikel hits you with a +1 whip of freezing!
You die...

#....g......
#########...........
........#...........
.......<#....^......
........#...........
........##..........
........###pg.?.....
........@Kp{p..>..#
........###p####....
........##..# .
........##.##
####.#####. #. .. #.
..# ..


You could see Pikel, 4 slaves and a gnoll.

Vanquished Creatures
  A hungry ghost (D:4)
  A bullfrog zombie (D:5)
  2 hounds (D:4)
  An orc wizard (D:4)
  A bullfrog skeleton (D:4)
  2 worker ants (D:4)
  11 adders
  7 gnolls
  An ooze (D:3)
  An adder skeleton (D:4)
  2 worms
  4 dart slugs
  6 leopard geckos
  8 orcs
  5 ball pythons
  7 giant cockroaches
  8 goblins
  6 hobgoblins
  9 jackals
  A quokka (D:3)
  11 bats
  3 frilled lizards
  5 kobolds
  A leopard gecko skeleton (D:4)
  A quokka skeleton (D:4)
  9 rats
114 creatures vanquished.

Vanquished Creatures (collateral kills)
  An ogre (D:4)
  2 gnolls (D:3)
  2 jackals (D:3)
5 creatures vanquished.

Vanquished Creatures (others)
  A gnoll (D:4)
1 creature vanquished.

Grand Total: 120 creatures vanquished

Notes
Turn   | Place    | Note
-------+----------+-------------------------------------------
     0 | D:1      | Mrkan the Draconian Transmuter began the quest for the Orb.
     0 | D:1      | Reached XP level 1. HP: 16/16 MP: 3/3
   151 | D:1      | Reached XP level 2. HP: 16/23 MP: 3/5
   630 | D:1      | Reached XP level 3. HP: 24/28 MP: 6/6
  1076 | D:2      | Found a blossoming altar of Fedhas.
  1282 | D:2      | Found a white marble altar of Elyvilon.
  1302 | D:2      | Reached XP level 4. HP: 36/36 MP: 7/7
  1349 | D:2      | Found a sacrificial altar of Ru.
  1390 | D:2      | Became a worshipper of Ru the Awakened
  1428 | D:2      | Reached skill level 4 in Unarmed Combat
  1520 | D:2      | Found a glowing silver altar of Zin.
  2535 | D:3      | Reached XP level 5. HP: 35/42 MP: 8/8
  2617 | D:3      | Found a burning altar of Makhleb.
  2675 | D:3      | Learned a level 2 spell: Sticks to Snakes
  3109 | D:3      | Noticed Mrkan's ghost (amateur DrFi)
  3110 | D:3      | Identified the +7 dire flail of the Swamp {crush, *Slow rN+
                  | Str+4}
  3110 | D:3      | Noticed an ogre
  3110 | D:3      | Noticed an ogre
  3111 | D:3      | Found a transporter.
  3111 | D:3      | Found a transporter.
  3166 | D:3      | Found a transporter.
  3186 | D:3      | Found a transporter.
  3404 | D:3      | Gained mutation: You are somewhat unskilled. (-1 Apt) [Ru
                  | sacrifice]
  3404 | D:3      | Reached * piety under Ru
  3404 | D:3      | Reached ** piety under Ru
  3531 | D:4      | Noticed a hungry ghost
  3566 | D:4      | Killed a hungry ghost
  3566 | D:4      | Reached XP level 6. HP: 22/50 MP: 9/9
  3767 | D:4      | Found a radiant altar of Vehumet.
  4502 | D:4      | Your scales start taking on a rich purple colour.
  4502 | D:4      | Reached XP level 7. HP: 57/57 MP: 10/10
  4510 | D:4      | Reached skill level 5 in Unarmed Combat
  4526 | D:4      | Found Suorch's Antique Weapon Boutique.
  5034 | D:5      | Entered Level 5 of the Dungeon
  5070 | D:5      | Noticed Pikel
  5099 | D:5      | Slain by Pikel

Levels and vault maps discovered:
D:1:      tarquinn_simple_flora_water_e, layout_basic
D:2:      layout_basic, fedhas_altar_fruit_tree, nicolae_ru_awakened_eye,
          zin_treasury, lemuel_round_altar, first_ration, minmay_bisected
D:3:      gammafunk_wand_slinger, layout_loops_cross,
          nicolae_overflow_hidden_temple, gammafunk_ghost_smash,
          gup_sewer_entry_bowl
D:4:      cheibrodos_helix_gallery, layout_basic, fiery_altar_vehumet,
          serial_shops, kennysheep_little_box
D:5:      layout_rooms, uniq_grinder, uniq_pikel

Skill      XL: |  1  2  3  4  5  6  7 |
---------------+----------------------+-----
Dodging        | 2 3 |  3.3
Fighting       | 2 3 |  3.4
Unarmed Combat | 4 5 |  5.2
Transmutations | 3 |  3.6
Spellcasting   | |  2.4

Action                   |  1- 3 |  4- 6 |  7- 9 || total
-------------------------+-------+-------+-------++-------
Melee: Unarmed           |   113 |   302 |    96 ||   511
       Tailslap          |    10 |    22 |    12 ||    44
       Kick              |     4 |    15 |     1 ||    20
       Headbutt          |     1 |     7 |     4 ||    12
       Punch             |     1 |       |     3 ||     4
 Cast: Beastly Appendage |    10 |    16 |     4 ||    30
       Sticks to Snakes  |       |     9 |       ||     9
Invok: Sacrifice Skill   |       |     1 |       ||     1
 Abil: Breathe Dispellin |       |       |     1 ||     1
  Use: Scroll            |       |     4 |       ||     4
       Potion            |       |       |     4 ||     4
 Stab: Sleeping          |       |     1 |     1 ||     2
       Invisible         |       |       |     2 ||     2
  Eat: Chunk             |     1 |    15 |     2 ||    18
       Ration            |       |     1 |       ||     1
Armor: Skin              |    37 |    97 |    29 ||   163
Dodge: Dodged            |    91 |   187 |    58 ||   336
